 Dungeon Crawl Stone Soup version 0.21.1-1-g345015f (webtiles) character file.

304 sking99 the Firebug (level 6, -5/32 HPs)
             Began as a Deep Elf Fire Elementalist on June 23, 2018.
             Slain by a scorpion (6 damage)
             ... on level 4 of the Dungeon.
             The game lasted 00:17:54 (4767 turns).

sking99 the Firebug (Deep Elf Fire Elementalist)    Turns: 4767, Time: 00:17:54

Health: -5/32      AC:  2    Str:  5    XL:     6   Next: 15%
Magic:  0/14       EV: 13    Int: 22    God:
Gold:   84         SH:  0    Dex: 15    Spells: 3/13 levels left

rFire    . . .     SeeInvis .   (no weapon)
rCold    . . .     Gourm    .   (no shield)
rNeg     . . .     Faith    .   a - +0 robe
rPois    .         Spirit   .   (no helmet)
rElec    .         Reflect  .   (no cloak)
rCorr    .         Harm     .   (no gloves)
MR       .....                  (no boots)
Stlth    +++.......             (no amulet)
HPRegen  0.10/turn              (no ring)
MPRegen  0.14/turn              (no ring)

@: lethally poisoned (-5 -> -12)
A: no striking features
a: no special abilities


You were on level 4 of the Dungeon.
You were not hungry.

You visited 1 branch of the dungeon, and saw 4 of its levels.

You collected 84 gold pieces.

Inventory:

Hand Weapons
 m - a +2 vampiric dagger
Armour
 a - a +0 robe (worn)
Jewellery
 d - a +5 amulet of reflection {unknown}
Scrolls
 e - 4 scrolls of remove curse {unknown}
 f - a scroll of enchant weapon {unknown}
 g - 3 scrolls of identify {unknown}
 i - a scroll of fog {unknown}
 j - a scroll of fear {unknown}
 k - a scroll of teleportation {unknown}
Potions
 h - a potion of invisibility {unknown}
 l - a potion of brilliance {unknown}
 n - a potion of heal wounds {unknown}
Books
 b - a book of Flames

   Spells                             Type                      Level
   a - Flame Tongue                   Conjuration/Fire             1
   b - Throw Flame                    Conjuration/Fire             2
   c - Conjure Flame                  Conjuration/Fire             3
   d - Inner Flame                    Hexes/Fire                   3
   e - Sticky Flame                   Conjuration/Fire             4
   f - Fireball                       Conjuration/Fire             5
Comestibles
 c - 5 rations


   Skills:
 - Level 2.4 Dodging
 + Level 4.7 Stealth
 - Level 4.1 Spellcasting
 - Level 4.1 Conjurations
 + Level 4.7 Fire Magic


You had 3 spell levels left.
You knew the following spells:

 Your Spells              Type           Power        Failure   Level  Hunger
a - Flame Tongue          Conj/Fire      ###..        1%          1    None
b - Throw Flame           Conj/Fire      ###...       2%          2    #......
c - Conjure Flame         Conj/Fire      ###.....     5%          3    ##.....
d - Sticky Flame          Conj/Fire      ###.....     17%         4    ####...


Dungeon Overview and Level Annotations

Branches:
Dungeon (4/15)
 Temple: D:4-7

Altars:
Makhleb
Ru
Uskayaw

Annotations:
D:3 Rwicked's ghost, amateur MiBe


Message History

Casting: Flame Tongue
Confirm with . or Enter, or press ? or * to list all spells.
Aiming: Flame Tongue
Press: ? - help, Shift-Dir - straight line, f/p - scorpion
Aim: a scorpion (severely wounded)
The flame tongue hits the scorpion.
The scorpion is severely wounded.
The scorpion stings you.
* * * LOW HITPOINT WARNING * * *
You are lethally poisoned!
The scorpion poisons you!
You hit the scorpion but do no damage.
The scorpion is severely wounded.
* * * LOW HITPOINT WARNING * * *
You feel sick. The scorpion misses you.
You closely miss the scorpion.
The scorpion is severely wounded.
* * * LOW HITPOINT WARNING * * *
You feel sick. The scorpion stings you.
You die...

#..# #... ....
#..# #..#
.#####..#
........####.#
.......@.$...#
######s#######
#. #. .. ..
#.. #..


You could see a scorpion.

Vanquished Creatures
  A scorpion (D:3)
  An orc priest (D:3)
  A hound (D:2)
  An orc wizard (D:3)
  7 adders
  A worm (D:2)
  5 dart slugs
  3 leopard geckos
  3 orcs (D:3)
  2 giant cockroaches
  12 goblins
  8 hobgoblins
  10 jackals
  5 kobolds
  A quokka (D:3)
  13 bats
  5 frilled lizards
  11 rats
90 creatures vanquished.

Notes
Turn   | Place    | Note
-------+----------+-------------------------------------------
     0 | D:1      | sking99 the Deep Elf Fire Elementalist began the quest for the Orb.
     0 | D:1      | Reached XP level 1. HP: 10/10 MP: 6/6
   142 | D:1      | Reached XP level 2. HP: 10/15 MP: 0/8
   238 | D:1      | Learned a level 2 spell: Throw Flame
   660 | D:1      | Reached XP level 3. HP: 19/19 MP: 6/10
   824 | D:1      | Learned a level 3 spell: Conjure Flame
  1475 | D:2      | Reached XP level 4. HP: 24/24 MP: 4/11
  1706 | D:2      | Learned a level 4 spell: Sticky Flame
  1719 | D:2      | Found a burning altar of Makhleb.
  2284 | D:3      | Noticed Rwicked's ghost (amateur MiBe)
  2641 | D:3      | Reached XP level 5. HP: 28/28 MP: 8/13
  4203 | D:3      | Noticed a dagger
  4204 | D:3      | Noticed a hand axe
  4510 | D:3      | Found a sacrificial altar of Ru.
  4545 | D:3      | Found a hide-covered altar of Uskayaw.
  4626 | D:3      | Reached XP level 6. HP: 32/32 MP: 3/14
  4767 | D:4      | HP: 1/32 [poisoned by a scorpion]
  4767 | D:4      | Slain by a scorpion

Skill      XL: |  1  2  3  4  5 |
---------------+----------------+-----
Stealth        | 3 4 |  4.7
Conjurations   | 2 3 4 |  4.1
Fire Magic     | 4 |  4.7
Spellcasting   | 4 |  4.1
Dodging        | |  2.4

Action                   |  1- 3 |  4- 6 || total
-------------------------+-------+-------++-------
Melee: Unarmed           |     4 |    14 ||    18
 Cast: Flame Tongue      |    55 |    77 ||   132
       Throw Flame       |    15 |    47 ||    62
       Conjure Flame     |       |     8 ||     8
  Eat: Chunk             |     2 |     4 ||     6
       Ration            |       |     2 ||     2
Armor: Robe              |     3 |    10 ||    13
Dodge: Dodged            |    25 |    56 ||    81
